Map: Неоновая площадь РВ

Players

Daruma - Winner!

  • Race: Protoss Protoss
  • Spawn Location: 11:00

ИИ 1 (эксперт)

  • Race: Protoss Protoss
  • Spawn Location: 5:00

VOD

Have the link to the VOD?

Description

Time

  • Played on: Nov. 29, 2017, 2:21 p.m.
  • Length: 12:16
Show
View Real Time Build Order
Export as new Build Order

Daruma Protoss - Winner!

Build Orders:  

Get SALT Encoding   

  12  0:00  Probe  
  13  0:13  Probe  
  14  0:20  Pylon  
  14  0:25  Probe  
  15  0:39  Gateway  
  15  0:40  Probe  
  16  0:52  Probe  
  17  0:58  Assimilator  
  17  0:59  Assimilator  
  17  1:05  Probe  
  18  1:17  Probe  
  19  1:29  Probe  
  20  1:37  Pylon  
  20  1:50  Nexus  
  20  1:51  Probe  
  21  2:03  Probe (Chrono Boost)  
  22  2:11  Cybernetics Core  
  22  2:15  Probe (Chrono Boost)  
  24  2:23  Probe (Chrono Boost)  
  24  2:35  Probe  
  25  2:37  Zealot  
  27  2:47  Probe, Warp Gate  
  28  2:54  Stargate  
  28  2:59  Probe  
  28  3:03  Probe  
  30  3:11  Probe  
  31  3:13  Pylon  
  31  3:15  Probe  
  32  3:23  Stalker  
  34  3:31  Probe  
  34  3:32  Probe, Assimilator  
  36  3:41  Robotics Facility  
  36  3:43  Probe  
  36  3:44  Probe  
  36  3:48  Forge  
  38  3:55  Probe  
  38  3:56  Probe  
  38  4:01  Gateway  
  38  4:02  Pylon  
  40  4:09  Probe x2  
  42  4:15  Assimilator  
  42  4:21  Probe  
  42  4:22  Protoss Ground Weapons Level 1  
  43  4:25  Void Ray  
  43  4:28  Observer  
  43  4:31  Probe  
  49  4:39  Gateway, Probe  
  49  4:40  Gateway  
  50  4:47  Probe  
  50  4:51  Probe  
  52  4:54  Immortal  
  52  4:59  Probe  
  57  5:00  Twilight Council  
  57  5:07  Void Ray  
  61  5:18  Pylon  
  61  5:23  Pylon  
  61  5:35  Nexus  
  61  5:37  Pylon, Probe  
  61  5:38  Probe  
  61  5:40  Zealot  
  65  5:48  Immortal (Chrono Boost)  
  69  6:01  Zealot x4  
  77  6:04  Probe x2  
  79  6:16  Probe  
  80  6:22  Charge  
  80  6:27  Protoss Ground Weapons Level 2 (Chrono Boost)  
  80  6:29  Immortal  
  80  6:30  Zealot  
  86  6:34  Pylon  
  86  6:46  Pylon  
  86  6:48  Zealot x3  
  86  6:52  Void Ray  
  96  7:01  Probe x3  
  99  7:08  Immortal  
  103  7:10  Zealot  
  103  7:11  Sentry  
  103  7:15  Assimilator  
  107  7:20  Assimilator  
  107  7:28  Zealot x2  
  111  7:32  Probe  
  111  7:33  Probe x2  
  114  7:44  Probe  
  114  7:45  Probe  
  116  7:55  Gateway, Pylon  
  116  7:57  Pylon  
  116  7:58  Pylon  
  116  7:59  Pylon  
  116  8:13  Immortal, Void Ray  
  124  8:23  Zealot  
  124  8:24  Zealot x3  
  132  8:42  Protoss Ground Weapons Level 3  
  132  8:46  Zealot  
  132  8:47  Zealot x3  
  140  8:57  Gateway  
  140  9:00  Gateway  
  140  9:02  Gateway  
  140  9:06  Gateway  
  140  9:08  Void Ray  
  140  9:09  Immortal  
  119  9:29  Zealot x4  
  119  9:48  Nexus  
  119  9:50  Pylon  
  119  9:51  Immortal  
  123  9:52  Pylon, Void Ray  
  123  9:54  Zealot x4  
  123  9:55  Zealot, Assimilator  
  137  10:01  Probe x2, Assimilator  
  137  10:02  Probe  
  140  10:13  Photon Cannon  
  140  10:15  Photon Cannon  
  140  10:16  Photon Cannon  
  140  10:22  Zealot x4  
  140  10:23  Zealot  
  150  10:33  Templar Archives  
  148  10:43  Zealot x3  
  148  10:44  Zealot x3  
  158  10:56  Immortal  
  154  11:06  Zealot x3  
  154  11:07  Zealot x3  
  166  11:18  Void Ray  
  164  11:28  High Templar x5  
  164  11:29  High Templar x3  
  180  11:36  Pylon  
  180  11:37  Pylon  
  180  11:38  Archon  
  180  11:39  Archon x2  
  180  11:40  Archon  
  168  12:09  Zealot x3  
  168  12:10  Zealot x4  
  168  12:11  Zealot  
Show
View Real Time Build Order
Export as new Build Order

ИИ 1 (эксперт) Protoss 

Build Orders: Zealot Archon 

Get SALT Encoding   

  12  0:00  Probe  
  13  0:13  Probe  
  14  0:21  Pylon  
  14  0:25  Probe  
  15  0:39  Probe  
  16  0:47  Assimilator  
  16  0:50  Gateway  
  16  0:52  Probe  
  17  1:00  Pylon  
  17  1:04  Probe  
  18  1:16  Probe  
  19  1:28  Probe  
  20  1:39  Zealot, Cybernetics Core  
  22  1:40  Probe  
  22  1:42  Gateway  
  23  1:52  Probe  
  23  1:53  Pylon  
  24  2:04  Probe  
  24  2:06  Zealot  
  27  2:16  Probe  
  27  2:17  Warp Gate  
  28  2:28  Probe  
  28  2:29  Adept  
  31  2:34  Adept  
  31  2:36  Gateway  
  33  2:46  Gateway  
  33  2:56  Adept  
  35  3:01  Adept  
  35  3:04  Pylon  
  37  3:06  Probe  
  38  3:23  Adept x2  
  42  3:28  Adept  
  42  3:33  Adept  
  46  3:36  Pylon  
  46  3:44  Twilight Council  
  46  4:07  Pylon  
  46  4:36  Assimilator  
  46  4:42  Templar Archives  
  46  4:45  Zealot  
  48  4:51  Nexus  
  48  5:20  High Templar  
  50  5:35  Forge  
  50  5:43  Forge  
  50  5:45  High Templar  
  52  5:51  Archon  
  52  6:04  Probe x2  
  53  6:10  Assimilator  
  54  6:13  High Templar  
  54  6:14  Assimilator  
  54  6:16  Probe x2  
  58  6:28  Probe  
  58  6:29  Probe  
  60  6:39  High Templar  
  62  6:40  Probe  
  62  6:41  Probe  
  62  6:45  Stalker  
  66  6:50  Stalker  
  66  6:52  Probe  
  66  6:53  Archon, Probe  
  70  6:59  Pylon  
  70  7:02  Nexus  
  70  7:04  Probe  
  70  7:05  High Templar  
  73  7:17  Probe x2  
  73  7:18  High Templar  
  73  7:20  Pylon  
  77  7:22  Stalker  
  77  7:28  Stalker  
  77  7:29  Probe x2  
  83  7:35  Archon  
  83  7:41  Probe, High Templar  
  83  7:42  Probe  
  87  7:44  Pylon  
  87  7:53  Probe  
  87  7:54  Probe  
  87  7:56  High Templar  
  91  8:04  Sentry  
  93  8:06  Probe x2  
  93  8:07  Pylon  
  93  8:12  Archon  
  95  8:17  Robotics Facility  
  95  8:18  Probe  
  95  8:19  Probe x2  
  98  8:22  Assimilator  
  98  8:24  Assimilator  
  98  8:28  High Templar  
  98  8:30  Probe  
  98  8:31  Probe x2  
  103  8:41  Pylon  
  103  8:42  Probe  
  103  8:43  Probe, High Templar  
  103  8:44  Probe  
  103  8:46  Pylon  
  108  8:52  Stalker  
  108  8:54  Probe  
  111  8:55  Probe  
  111  8:56  Probe, Stalker  
  111  8:57  Archon  
  111  9:00  Stalker  
  117  9:06  Probe, Observer  
  117  9:07  Photon Cannon  
  117  9:08  Probe x2  
  121  9:11  Pylon  
  121  9:15  Protoss Ground Weapons Level 1, Sentry, Zealot  
  125  9:18  Probe  
  125  9:19  Zealot  
  125  9:20  Probe x2  
  125  9:21  Protoss Ground Armor Level 1  
  125  9:24  Zealot  
  120  9:30  Probe  
  97  9:32  Probe  
  97  9:33  Probe  
  97  9:35  High Templar  
  93  9:38  Zealot  
  93  9:39  Stalker  
  93  9:42  Probe  
  93  9:44  Zealot, Probe  
  101  9:56  Immortal  
  101  9:58  Pylon, Zealot  
  107  10:00  Pylon  
  107  10:02  Zealot  
  107  10:04  Zealot  
  111  10:08  High Templar  
  113  10:18  Zealot  
  113  10:21  Photon Cannon  
  115  10:22  Stalker  
  115  10:23  Archon  
  115  10:24  Stalker  
  115  10:25  Charge, Photon Cannon  
  119  10:35  Immortal  
  123  10:38  High Templar  
  123  10:39  Probe  
  123  10:40  Sentry, Probe  
  124  10:45  High Templar  
  124  10:47  Zealot  
  96  10:51  Probe  
  96  10:52  Probe  
  68  11:03  Sentry, Probe  
  58  11:07  Zealot  
  58  11:11  Zealot  
  58  11:14  Observer  
  58  11:15  Probe  
  58  11:17  Zealot  
  37  11:26  Stalker  
  37  11:27  Probe, High Templar  
  37  11:31  Zealot  
  40  11:37  High Templar  
  40  11:39  Probe  
  42  11:49  Adept  
  42  11:51  Zealot, Probe  
  39  12:00  Stalker  
Tags
 
Add a new tag
Caveats
  • Supply blocks, unpowered buildings, or Contaminate may cause inaccurate times.
  • Supply counts are checked every 10 seconds.